 Dungeon Crawl Stone Soup version 0.32-a0-630-g46d191b0ed (webtiles) character file.

Game seed: 10011399523341577597

476 zenocrate the Digger (level 7, 0/41 HPs)
             Began as an Octopode Earth Elementalist on Mar 6, 2024.
             Constricted to death by a ball python (1 damage)
             ... in a sewer.
             The game lasted 00:03:54 (2168 turns).

zenocrate the Digger (Octopode Earth Elementalist)  Turns: 2168, Time: 00:03:55

Health: 0/41       AC:  1    Str:  7    XL:     7   Next: 10%
Magic:  0/12       EV:  3    Int: 19    God:
Gold:   157        SH:  0    Dex: 13    Spells: 3/13 levels left

rFire   . .          .
                       - Unarmed
rCold   . . .        (no shield)
rNeg    . . .        (helmet restricted)
rPois   .            (no amulet)
rElec   .            (no ring)
rCorr   .            (no ring)
SInv    .            (no ring)
Will    .....        (no ring)
Stlth   ++++         (no ring)
HPRegen 0.26/turn    (no ring)
MPRegen 0.13/turn    (no ring)
                     (no ring)

%: no passive effects
@: brilliant, very slightly contaminated, constricted
A: almost no armour, amphibious, 8 rings, camouflage 1, gelatinous body 1,
nimble swimmer 1, tentacles
a: no special abilities


You were in a sewer.
You visited 1 branch of the dungeon, and saw 3 of its levels.
You also visited: Sewer.

You collected 157 gold pieces.

Inventory:

Missiles
 e - 4 boomerangs
Scrolls
 b - a scroll of butterflies {unknown}
 c - 2 scrolls of immolation {unknown}
 d - 2 scrolls of blinking {unknown}
 h - a scroll of revelation {unknown}
 k - a scroll of identify {unknown}
Potions
 a - 2 potions of magic
 f - 2 potions of invisibility
 g - a potion of resistance
 i - 2 potions of cancellation {unknown}
 j - 2 potions of heal wounds {unknown}


   Skills:
 - Level 2.0 Dodging
 - Level 2.6 Stealth
 + Level 3.0 Unarmed Combat
 + Level 3.8 Spellcasting
 + Level 3.6 Conjurations
 + Level 4.7 Earth Magic


You had 3 spell levels left.
You knew the following spells:

 Your Spells              Type           Power      Damage    Failure   Level
a - Sandblast             Erth           64%        2d14      1%          1
b - Stone Arrow           Conj/Erth      58%        3d10      8%          3
c - Ensorcelled Hibernat  Hex/Ice        10%        N/A       22%         2
d - Brom's Barrelling Bo  Conj/Erth      29%        2d5       26%         4

Your spell library contained the following spells:

 Spells                   Type           Power      Damage    Failure   Level
 Passwall                 Erth           32%        N/A       6%          3
 Fugue of the Fallen      Necr           5%         N/A       38%         3
 Petrify                  Alch/Erth      19%        N/A       45%         4
 Anguish                  Hex/Necr       2%         N/A       80%         4


Dungeon Overview and Level Annotations

Branches:
Dungeon (3/15)              Sewer (1/1)

Altars:

Shops:
D:1 (:


Innate Abilities, Weirdness & Mutations

You cannot wear most types of armour.
You are amphibious.
You can wear up to eight rings at the same time.
Your skin changes colour to match your surroundings (Stealth+).
Your rubbery body absorbs attacks. (AC +1, EV +1)
You are camouflaged when in or above water. (Stealth+)
You have tentacles for arms and can constrict up to eight enemies at once.


Message History

The ball python bites you.
* * * LOW HITPOINT WARNING * * *
The ball python closely misses you. The ball python bites you.
* * * LOW HITPOINT WARNING * * *
Okay, then.
Okay, then.
The bullfrog hits you but does no damage.
Unknown command.
Casting: Stone Arrow (dangerous; 9% risk of failure)
Confirm with . or Enter, or press ? or * to list all spells.
Aiming: Sandblast (safe; 2% risk of failure)
Press: ? - help, Shift-Dir - straight line, f/p - bullfrog
Aim: a bullfrog (water, almost dead, 80% to hit)
Okay, then.
You tentacle-slap the bullfrog.
You kill the bullfrog!
The ball python closely misses you. x2; The ball python bites you.
* * * LOW HITPOINT WARNING * * *
The ball python grabs you. The ball python constricts you.
* * * LOW HITPOINT WARNING * * *
Your Unarmed Combat skill increases to level 3!
You have reached level 7!
Unknown command.
Okay, then.
Okay, then.
You aren't carrying any items that you can evoke.
Unknown command.
Okay, then.
Casting: Sandblast (safe; 1% risk of failure)
Confirm with . or Enter, or press ? or * to list all spells.
Aiming: Sandblast (safe; 1% risk of failure)
Press: ? - help, Shift-Dir - straight line, f - ball python
Aim: a ball python (water, constricting you, 82% to hit)
You feel a surge of power!
The blast of sand hits the ball python!
You kill the ball python!
The ball python bites you.
* * * LOW HITPOINT WARNING * * *
The ball python misses you. The ball python closely misses you.
The ball python grabs you. The ball python constricts you.
You die...

#######################
#...#≈~≈≈~~≈~≈≈≈≈≈~~..###
S....~≈≈≈≈~..~≈≈~~≈≈....##
.l...~≈≈~~≈~~≈~~~~≈≈.....#
.S...≈~~~~~≈≈≈~~~~~~.....#
.....~~≈~≈≈†S≈≈≈≈~~≈.....##
#≈~≈≈≈≈S@≈≈≈≈≈≈≈......#
##################....#
####...## #..#....#
#..'....# #####...# ##...##
####################....#
###..~~~~≈≈≈#≈≈~~~≈~#†....#


You could see 2 ball pythons.

Vanquished Creatures
  Sigmund (D:2)
  2 bullfrogs (Sewer)
  Crazy Yiuf (D:2)
  Jessica (D:2)
  2 adders
  7 river rats (Sewer)
  10 ball pythons
  4 endoplasms
  3 giant cockroaches
  6 goblins
  4 hobgoblins
  3 jackals (D:1)
  2 quokkas (D:1)
  A bat (D:1)
  A kobold (D:2)
  19 rats
67 creatures vanquished.

Notes
Turn   | Place    | Note
-------+----------+-------------------------------------------
     0 | D:1      | zenocrate the Octopode Earth Elementalist began the quest
                  | for the Orb.
     0 | D:1      | Reached XP level 1. HP: 11/11 MP: 3/3
   140 | D:1      | Found Popp's Antique Weapon Emporium.
   194 | D:1      | Reached XP level 2. HP: 17/17 MP: 3/5
   435 | D:1      | Found Xot Jeap's Book Shop.
   876 | D:1      | Learned a level 2 spell: Ensorcelled Hibernation
   894 | D:2      | Reached XP level 3. HP: 21/21 MP: 4/6
  1078 | D:2      | Noticed Jessica
  1081 | D:2      | Killed Jessica
  1082 | D:2      | Reached XP level 4. HP: 27/27 MP: 5/8
  1119 | D:2      | Noticed Sigmund
  1291 | D:2      | Found a runed translucent door.
  1292 | D:2      | Noticed Crazy Yiuf
  1366 | D:2      | Killed Sigmund
  1367 | D:2      | Reached skill level 4 in Earth Magic
  1367 | D:2      | Reached XP level 5. HP: 19/31 MP: 3/9
  1481 | D:2      | Killed Crazy Yiuf
  1482 | D:2      | Reached XP level 6. HP: 8/36 MP: 4/11
  1598 | D:2      | Learned a level 3 spell: Stone Arrow
  1647 | D:2      | Learned a level 4 spell: Brom's Barrelling Boulder
  1744 | D:3      | Found a glowing drain.
  1755 | Sewer    | Entered a sewer
  1983 | Sewer    | HP: 1/36 [river rat (5)]
  2168 | Sewer    | Reached XP level 7. HP: 3/41 MP: 1/12
  2168 | Sewer    | HP: 1/41 [ball python (2)]
  2168 | Sewer    | Constricted to death by a ball python

Illustrated notes

Levels and vault maps discovered:
D:1:      psy_arrival_radial01, layout_basic, serial_shops,
          nicolae_diamond_shop, shop
D:2:      layout_basic, uniq_sigmund, uniq_crazy_yiuf_cottage, uniq_jessica
D:3:      layout_loops_cross, portal_sewer_entry_d, ebering_ghost_gozag,
          minmay_misc_feat_columns, minmay_misc_feat_five
Sewer:    sewer_minmay_w

Skill      XL: |  1  2  3  4  5  6 |
---------------+-------------------+-----
Conjurations   | 2 3 |  3.6
Unarmed Combat | 2 3 |  3.0
Spellcasting   | 3 |  3.8
Earth Magic    | 4 |  4.7
Dodging        | |  2.0
Stealth        | |  2.6

Action                     |  1- 3 |  4- 6 |  7- 9 || total
---------------------------+-------+-------+-------++-------
  Melee: Unarmed           |    17 |    35 |       ||    52
         Constrict         |     7 |    11 |       ||    18
         Tentacles         |     2 |     4 |       ||     6
   Cast: Sandblast         |    23 |    33 |     1 ||    57
         Ensorcelled Hiber |       |     1 |       ||     1
         Stone Arrow       |       |     5 |       ||     5
    Use: Potion            |       |     5 |       ||     5
   Stab: Sleeping          |     2 |     1 |       ||     3
 Armour: Skin              |    13 |    44 |     2 ||    59
  Dodge: Dodged            |    16 |    55 |     2 ||    73

Table legend: (Time is in decaauts)
 A = Elapsed time spent in this place.
 B = Non-inter-level travel time spent in this place.
 C = Inter-level travel time spent in this place.
 D = Time resting spent in this place.
 E = Time spent auto-exploring this place.
 F = Levels seen in this place.
 G = Mean time per level.
                   A        B        C        D        E       F      G
               +--------+--------+--------+--------+--------+-----+--------+
         Total |   2194 |   2110 |     84 |      5 |   1734 |   4 |  548.5 |
       Dungeon |   1772 |   1688 |     84 |      5 |   1437 |   3 |  590.7 |
         Sewer |    422 |    422 |      0 |      0 |    297 |   1 |  422.0 |
               +--------+--------+--------+--------+--------+-----+--------+

Top non-repeatable levels by time:
     D:1: 930 daAuts
     D:2: 732 daAuts
   Sewer: 422 daAuts
     D:3: 108 daAuts
